 Dungeon Crawl Stone Soup version 0.23.2-1-ga50397a6bc (webtiles) character file.

Game seed: 6334874495284163469

190 Mrkan the Cutter (level 5, 0/46 HPs)
             Began as a Draconian Gladiator on May 27, 2019.
             Was an Initiate of Ru.
             Slain by a goblin
             ... wielding a +0 club
             ... led by Robin
              (7 damage)
             ... on level 3 of the Dungeon.
             The game lasted 00:03:48 (2032 turns).

Mrkan the Cutter (Draconian Gladiator)              Turns: 2032, Time: 00:03:49

Health: 0/46       AC:  5    Str: 17    XL:     5   Next: 41%
Magic:  5/5        EV: 13    Int:  8    God:    Ru [......]
Gold:   163        SH:  0    Dex: 13    Spells: 4/4 levels left

rFire    . . .     SeeInvis .   a - +0 rapier
rCold    . . .     Gourm    .   (no shield)
rNeg     . . .     Faith    .   (armour unavailable)
rPois    .         Spirit   .   b - +0 hat
rElec    .         Reflect  .   (no cloak)
rCorr    .         Harm     .   (no gloves)
MR       .....                  (no boots)
Stlth    +.........             (no amulet)
HPRegen  0.15/turn              (no ring)
MPRegen  0.09/turn              (no ring)

@: no status effects
A: unfitting armour, cold-blooded, AC +5
a: Renounce Religion


You were on level 3 of the Dungeon.
You worshipped Ru.
Ru was noncommittal.
You were not hungry.

You visited 1 branch of the dungeon, and saw 3 of its levels.

You collected 163 gold pieces.

Inventory:

Hand Weapons
 a - a +0 rapier (weapon)
 q - a +0 falchion
Missiles
 c - 3 throwing nets (quivered)
Armour
 b - a +0 hat (worn)
Jewellery
 k - an uncursed ring of flight {unknown}
 p - an uncursed ring of protection from fire {unknown}
Wands
 h - a wand of iceblast (10)
Scrolls
 e - 2 scrolls of fear {unknown}
 g - 5 scrolls of remove curse {unknown}
 i - 2 scrolls of random uselessness {unknown}
 j - 2 scrolls of blinking {unknown}
Potions
 f - a potion of agility {unknown}
 l - a potion of curing {unknown}
 m - a potion of cancellation {unknown}
 o - a potion of heal wounds {unknown}
Comestibles
 d - 4 rations
 n - 3 chunks of flesh


   Skills:
 + Level 3.9 Fighting
 * Level 5.3 Short Blades
 - Level 1.7 Throwing
 - Level 2.6 Dodging


You had 4 spell levels left.
You didn't know any spells.
Your spell library was empty.

Dungeon Overview and Level Annotations

Branches:
Dungeon (3/15)

Altars:
Ru

Annotations:
D:3 Robin


Innate Abilities, Weirdness & Mutations

Your plain brown scales are hard. (AC +5)
You cannot fit into any form of body armour.
You are cold-blooded and may be slowed by cold attacks.


Message History

Items here: ))) †††† Robin hits you with a +0 mace.
Robin hits you but does no damage.
You hit Robin.
Robin is moderately wounded.
A goblin comes into view.
The goblin hits you but does no damage. Robin hits you with a +0 mace.
A hobgoblin comes into view.
You hit Robin but do no damage.
Robin is moderately wounded.
Robin hits you with a +0 mace.
* * * LOW HITPOINT WARNING * * *
The goblin hits you but does no damage.
You barely miss Robin. You tail-slap Robin, but do no damage.
Robin is moderately wounded.
Robin barely misses you. The goblin hits you with a +0 club.
* * * LOW HITPOINT WARNING * * *
You hit Robin.
Robin is heavily wounded.
The goblin hits you with a +0 club!
You die...

....#÷###.#
####...##.#############.
#.......................
#.##...##...(.##...>....
# ##.#........#.#######
.....#####..#.# ....###
#g.#.# #.### #..#g#
#.g#@# #..#g# ..#g#
g.#g# ..# ..# #.# #.#


You could see Robin, a hobgoblin and 2 goblins.

Vanquished Creatures
  A bullfrog (D:2)
  4 adders
  A dart slug (D:1)
  A leopard gecko (D:2)
  An orc (D:3)
  A ball python (D:1)
  9 bats
  5 giant cockroaches
  17 goblins
  11 hobgoblins
  8 jackals
  2 quokkas
  4 frilled lizards
  9 kobolds
  4 rats
78 creatures vanquished.

Vanquished Creatures (others)
  3 toadstools (D:2)
3 creatures vanquished.

Grand Total: 81 creatures vanquished

Notes
Turn   | Place    | Note
-------+----------+-------------------------------------------
     0 | D:1      | Mrkan the Draconian Gladiator began the quest for the Orb.
     0 | D:1      | Reached XP level 1. HP: 17/17 MP: 1/1
   144 | D:1      | Reached XP level 2. HP: 16/25 MP: 2/2
   424 | D:1      | Reached XP level 3. HP: 19/30 MP: 3/3
   658 | D:1      | Reached skill level 4 in Short Blades
  1034 | D:2      | Found a sacrificial altar of Ru.
  1060 | D:2      | Became a worshipper of Ru the Awakened
  1157 | D:2      | Noticed a bullfrog
  1163 | D:2      | Killed a bullfrog
  1163 | D:2      | Reached XP level 4. HP: 18/38 MP: 4/4
  1317 | D:2      | Reached skill level 5 in Short Blades
  1428 | D:2      | Reached XP level 5. HP: 46/46 MP: 5/5
  2010 | D:3      | Noticed Robin
  2032 | D:3      | Slain by a goblin

Skill      XL: |  1  2  3  4 |
---------------+-------------+-----
Short Blades   | 4 5 |  5.3
Fighting       | 3 |  3.9
Throwing       | |  1.7
Dodging        | |  2.6

Action                   |  1- 3 |  4- 6 || total
-------------------------+-------+-------++-------
Melee: Rapier            |   136 |   107 ||   243
       Tailslap          |    11 |    16 ||    27
 Stab: Sleeping          |     1 |       ||     1
  Eat: Chunk             |     1 |     3 ||     4
Armor: Skin              |    39 |    40 ||    79
Dodge: Dodged            |   106 |    82 ||   188
